 Dungeon Crawl Stone Soup version 0.29.1-2-gbd0b4ee654 (webtiles) character file.

Game seed: 14199131918847324888

296 GorkyZ the Magician (level 6, -6/32 HPs)
             Began as a Deep Elf Air Elementalist on Nov 18, 2022.
             Mangled by an iguana (12 damage)
             ... on level 5 of the Dungeon.
             The game lasted 00:14:49 (4343 turns).

GorkyZ the Magician (Deep Elf Air Elementalist)     Turns: 4343, Time: 00:14:50

Health: -6/32      AC:  3    Str:  5    XL:     6   Next: 12%
Magic:  11/14      EV: 17    Int: 22    God:
Gold:   134        SH:  0    Dex: 15    Spells: 12/13 levels left

rFire   . . .      SeeInvis .   o - +2 rapier (venom)
rCold   . . .      Faith    .   (no shield)
rNeg    . . .      Spirit   .   a - +0 robe
rPois   .          Reflect  .   (no helmet)
rElec   .          Harm     .   (no cloak)
rCorr   .          Rampage  .   m - +0 pair of gloves
Will    .....                   (no boots)
Stlth   ++........              (no amulet)
HPRegen 0.10/turn               h - +4 ring of evasion
MPRegen 0.14/turn               (no ring)

@: no status effects
A: no striking features
a: no special abilities


You were on level 5 of the Dungeon.
You visited 1 branch of the dungeon, and saw 5 of its levels.

You collected 134 gold pieces.

Inventory:

Hand Weapons
 g - a +1 dagger
 o - a +2 rapier of venom (weapon)
Missiles
 i - a throwing net
Armour
 a - a +0 robe (worn)
 m - a +0 pair of gloves (worn)
Jewellery
 h - a +4 ring of evasion (left hand)
 k - a ring of willpower
Scrolls
 j - a scroll of butterflies {unknown}
 l - a scroll of fear {unknown}
 n - 2 scrolls of amnesia
Potions
 c - 5 potions of heal wounds
 d - 3 potions of lignification
 e - 2 potions of brilliance {unknown}
 f - a potion of ambrosia {unknown}
 p - a potion of attraction {unknown}
 q - a potion of mutation {unknown}


   Skills:
 + Level 3.8 Dodging
 - Level 2.4 Stealth
 + Level 4.3 Spellcasting
 + Level 2.8 Conjurations
 + Level 2.3 Summonings
 + Level 4.0 Air Magic
 + Level 2.4 Poison Magic


You had 12 spell levels left.
You knew the following spells:

 Your Spells              Type           Power      Damage    Failure   Level
a - Shock                 Conj/Air       76%        1d7       2%          1

Your spell library contained the following spells:

 Spells                   Type           Power      Damage    Failure   Level
 Static Discharge         Conj/Air       19%        3-6/arc   4%          2
 Swiftness                Air            22%        N/A       6%          3
 Ensorcelled Hibernation  Hex/Ice        8%         N/A       16%         2
 Spider Form              Tmut/Pois      10%        N/A       21%         3
 Airstrike                Air            11%        2d(2-18)  21%         4
 Anguish                  Hex/Necr       2%         N/A       71%         4


Dungeon Overview and Level Annotations

Branches:
Dungeon (5/15)
 Temple: D:4-7

Altars:
Kikubaaqudgha
Ru
Uskayaw


Message History

The zap hits the phantom.
The phantom is almost destroyed.
The phantom barely misses you.
The zap misses the phantom.
The phantom closely misses you.
The zap hits the phantom.
You destroy the phantom!
Your Air Magic skill increases to level 4!
You have reached level 6!
The iguana attacks as you move away! The iguana bites you!
The iguana attacks as you move away! The iguana bites you!
* * * LOW HITPOINT WARNING * * *
There is a stone staircase leading down here.
Magic courses through your body. The iguana closely misses you.
You are too injured to fight recklessly!
You are too injured to fight recklessly!
Aiming: Shock (safe; 2% risk of failure)
Press: ? - help, Q - select action, (/) - cycle Shift-Dir - straight line, f - iguana
Aim: an iguana (75% to hit)
The zap hits the iguana.
The iguana is moderately wounded.
The iguana barely misses you.
Aiming: Shock (safe; 2% risk of failure)
Press: ? - help, Q - select action, (/) - cycle Shift-Dir - straight line, f/p - iguana
Aim: an iguana (moderately wounded, 75% to hit)
The zap hits the iguana but does no damage.
The iguana is moderately wounded.
The iguana bites you.
* * * LOW HITPOINT WARNING * * *
Aiming: Shock (safe; 2% risk of failure)
Press: ? - help, Q - select action, (/) - cycle Shift-Dir - straight line, f/p - iguana
Aim: an iguana (moderately wounded, 75% to hit)
The zap misses the iguana.
The iguana closely misses you.
Aiming: Shock (safe; 2% risk of failure)
Press: ? - help, Q - select action, (/) - cycle Shift-Dir - straight line, f/p - iguana
Aim: an iguana (moderately wounded, 75% to hit)
The zap hits the iguana.
The iguana is heavily wounded.
The iguana bites you!
You die...

...#. #...........
......####....##
........#......#
..............##
...............###
#......##........#
#................##
............##l..[#
.......<......@..##
...............###
..............##
#.............#
#P....##.......#
#...#. ..##....#
#..... .####...#
...... ####


You could see an iguana.

Vanquished Creatures
  2 phantoms
  2 orc wizards
  3 adders
  5 orcs
  5 bats
  4 endoplasms
  4 giant cockroaches
  3 goblins (D:2)
  7 hobgoblins
  7 jackals (D:2)
  4 quokkas
  5 ball pythons
  2 frilled lizards
  6 kobolds
  5 rats
64 creatures vanquished.

Notes
Turn   | Place    | Note
-------+----------+-------------------------------------------
     0 | D:1      | GorkyZ the Deep Elf Air Elementalist began the quest for
                  | the Orb.
     0 | D:1      | Reached XP level 1. HP: 10/10 MP: 6/6
   363 | D:1      | Reached XP level 2. HP: 15/15 MP: 4/8
   729 | D:1      | Found a faded altar of an unknown god.
  1069 | D:1      | You fall into a shaft and drop 1 floor!
  1092 | D:2      | Reached skill level 1 in Poison Magic
  1162 | D:2      | Identified the +4 sling of Tovud {flame, MP+9 Dex+4}
  1328 | D:2      | Reached skill level 1 in Summonings
  1328 | D:2      | Reached XP level 3. HP: 19/19 MP: 5/9
  1950 | D:3      | Identified the +1 leather armour "Raxzoq" {+Blink rPois
                  | Int-2}
  2202 | D:3      | Reached XP level 4. HP: 24/24 MP: 4/11
  2217 | D:3      | HP: 1/24 [something (1)]
  2600 | D:3      | Found an ancient bone altar of Kikubaaqudgha.
  2730 | D:3      | Found a sacrificial altar of Ru.
  3234 | D:4      | Identified the +8 dagger of Springtime {vorpal, rElec Will+
                  | rCorr}
  3590 | D:4      | Found a hide-covered altar of Uskayaw.
  3612 | D:4      | Noticed a phantom
  3638 | D:4      | Killed a phantom
  3639 | D:4      | Reached XP level 5. HP: 19/28 MP: 5/13
  4309 | D:5      | Entered Level 5 of the Dungeon
  4317 | D:5      | Noticed a phantom
  4332 | D:5      | Killed a phantom
  4333 | D:5      | Reached XP level 6. HP: 25/32 MP: 1/14
  4343 | D:5      | Mangled by an iguana

Illustrated notes

Levels and vault maps discovered:
D:1:      minmay_arrival_four_loops, layout_basic,
          shapermc_ecumenical_altar_mp_vishouse, serial_bayou_ford_a
D:2:      layout_basic, chequers_serial_rivers_small_a
D:3:      layout_rooms, nicolae_overflow_squiral
D:4:      layout_basic, lemuel_round_altar, grunt_ministairs_11
D:5:      layout_cave_pools, nicolae_overflow_hidden_temple, corexii_shack,
          uniq_sigmund

Skill      XL: |  1  2  3  4  5 |
---------------+----------------+-----
Poison Magic   | 1 2 |  2.4
Summonings     | 1 2 |  2.3
Dodging        | 3 |  3.8
Conjurations   | 2 |  2.8
Spellcasting   | 4 |  4.3
Air Magic      | 4 |  4.0
Stealth        | |  2.4

Action                   |  1- 3 |  4- 6 || total
-------------------------+-------+-------++-------
Melee: Dagger            |     8 |     9 ||    17
 Cast: Shock             |    91 |    59 ||   150
  Use: Scroll            |     6 |       ||     6
       Potion            |     1 |     1 ||     2
Armor: Robe              |     5 |     4 ||     9
Dodge: Dodged            |    27 |    13 ||    40
